[ AOE2 MATCH · #506748612 ]
UnrankedJapanese vs Persians
Player's team · LOSS
Rival team · WIN
[ REPLAY ANALYSIS · EXTRACTED FROM THE RECORDED GAME ]
Feudal
11:25
Castle
24:50
Imperial
39:09
| APM avg | 58.7 |
| APM peak | 86 |
| eAPM avg | 26.2 |
| Villagers / military | 99 / 111 |
Focus
⚔️ 48.7% · 🌾 51.3%
Spearman ×75 · Archer ×21 · Battering Ram ×5 · Militia ×4 · Monk ×2 · Scorpion ×2
Feudal
8:29
Castle
19:45
Imperial
39:20
| APM avg | 48.9 |
| APM peak | 82 |
| eAPM avg | 25.7 |
| Villagers / military | 157 / 164 |
Focus
⚔️ 39.9% · 🌾 60.1%
Knight ×85 · Skirmisher ×40 · Hand Cannoneer ×18 · Trebuchet (Packed) ×9 · Scout Cavalry ×7 · Monk ×5
Match map
Initial resources + every placement click. Lines = walls · curves = elevation contours. ◆ gold · ⬟ stone · ● berries · ✦ relic · ◌ wall gap
Your base· Open — opponent sealed themselves in
Xxkaname13's base· ✓ Closed at 19:45 · 45t walls · no gate
Smoothed initial terrain · ◌ = detected wall gap · hover for details
Inputs per minute
— LE | Andreu - - Xxkaname13
Build order — LE | Andreu
First 150 of 352 actions detected
| 0:00 | Queue | Villager (Male) |
| 0:01 | Queue | Villager (Male) |
| 0:01 | Queue | Villager (Male) |
| 0:02 | Build | House |
| 0:03 | Build | House |
| 0:04 | Queue | Villager (Male) |
| 1:24 | Queue | Villager (Male) |
| 1:51 | Build | Lumber Camp |
| 2:02 | Queue | Villager (Male) |
| 2:24 | Queue | Villager (Male) |
| 2:50 | Queue | Villager (Male) |
| 2:51 | Queue | Villager (Male) |
| 3:37 | Queue | Villager (Male) |
| 3:49 | Build | House |
| 4:03 | Queue | Villager (Male) |
| 4:13 | Build | Barracks |
| 4:40 | Queue | Villager (Male) |
| 4:45 | Queue | Villager (Male) |
| 4:47 | Build | House |
| 5:10 | Queue | Villager (Male) |
| 5:31 | Queue | Militia |
| 5:50 | Queue | Villager (Male) |
| 5:51 | Queue | Villager (Male) |
| 6:07 | Queue | Militia |
| 6:22 | Build | Mill |
| 6:33 | Queue | Militia |
| 6:36 | Queue | Villager (Male) |
| 6:44 | Queue | Militia |
| 7:14 | Queue | Villager (Male) |
| 7:20 | Queue | Villager (Male) |
| 7:22 | Build | House |
| 8:22 | Queue | Villager (Male) |
| 8:43 | Queue | Villager (Male) |
| 9:15 | Research | Feudal Age |
| 9:37 | Build | House |
| 9:40 | Build | Palisade Wall |
| 9:49 | Build | Palisade Wall |
| 9:51 | Build | Palisade Wall |
| 9:57 | Queue | Villager (Male) |
| 10:42 | Queue | Villager (Male) |
| 10:57 | Build | Farm |
| 11:25 | Age | Feudal Age |
| 11:32 | Research | Arson |
| 11:32 | Research | Arson |
| 11:37 | Build | Farm |
| 11:47 | Build | Mining Camp |
| 11:49 | Queue | Spearman |
| 12:03 | Queue | Villager (Male) |
| 12:23 | Queue | Spearman |
| 12:27 | Queue | Villager (Male) |
| 12:28 | Research | Double-Bit Axe |
| 12:29 | Research | Horse Collar |
| 12:38 | Build | Archery Range |
| 12:42 | Queue | Villager (Male) |
| 12:53 | Research | Loom |
| 12:56 | Queue | Villager (Male) |
| 13:01 | Build | Palisade Wall |
| 13:02 | Build | Palisade Wall |
| 13:09 | Queue | Spearman |
| 13:10 | Queue | Villager (Male) |
| 13:16 | Research | Gold Mining |
| 13:33 | Build | Lumber Camp |
| 13:41 | Queue | Archer |
| 13:52 | Build | Palisade Wall |
| 14:00 | Queue | Archer |
| 14:07 | Build | Archery Range |
| 14:16 | Queue | Archer |
| 14:22 | Queue | Villager (Male) |
| 14:23 | Queue | Villager (Male) |
| 14:36 | Build | Palisade Wall |
| 14:43 | Queue | Spearman |
| 14:45 | Queue | Archer |
| 14:48 | Build | Farm |
| 14:51 | Build | House |
| 14:55 | Build | House |
| 15:00 | Queue | Archer |
| 15:04 | Build | House |
| 15:11 | Queue | Archer |
| 15:17 | Build | House |
| 15:26 | Queue | Archer |
| 15:35 | Build | Palisade Gate |
| 15:37 | Build | House |
| 15:41 | Queue | Archer |
| 15:50 | Build | Palisade Gate |
| 15:53 | Build | Palisade Wall |
| 15:55 | Build | Palisade Wall |
| 16:01 | Queue | Archer |
| 16:01 | Queue | Archer |
| 16:03 | Queue | Villager (Male) |
| 16:07 | Build | Blacksmith |
| 16:16 | Queue | Archer |
| 16:21 | Build | Farm |
| 16:21 | Build | Farm |
| 16:30 | Build | Palisade Wall |
| 16:39 | Build | Farm |
| 16:58 | Queue | Villager (Male) |
| 17:09 | Build | House |
| 17:12 | Build | Palisade Gate |
| 17:34 | Build | Farm |
| 17:37 | Build | Farm |
| 17:38 | Queue | Villager (Male) |
| 17:45 | Build | Farm |
| 17:47 | Research | Fletching |
| 17:51 | Queue | Villager (Male) |
| 17:53 | Queue | Villager (Male) |
| 17:55 | Build | House |
| 18:01 | Build | Farm |
| 18:04 | Build | Farm |
| 18:05 | Queue | Villager (Male) |
| 18:09 | Queue | Spearman |
| 18:32 | Research | Padded Archer Armor |
| 18:33 | Queue | Villager (Male) |
| 18:52 | Build | Market |
| 19:20 | Build | Palisade Wall |
| 19:27 | Build | Palisade Wall |
| 19:38 | Build | House |
| 19:46 | Queue | Spearman |
| 20:14 | Queue | Villager (Male) |
| 20:17 | Build | Farm |
| 20:18 | Build | Farm |
| 20:30 | Build | Lumber Camp |
| 20:39 | Build | Farm |
| 20:40 | Build | Farm |
| 20:41 | Build | Farm |
| 20:48 | Queue | Archer |
| 20:48 | Queue | Archer |
| 20:56 | Research | Scale Mail Armor |
| 21:02 | Build | Farm |
| 21:12 | Build | House |
| 21:24 | Build | Palisade Gate |
| 21:33 | Queue | Archer |
| 21:33 | Queue | Archer |
| 21:41 | Research | Forging |
| 21:45 | Queue | Villager (Male) |
| 21:53 | Research | Castle Age |
| 21:53 | Research | Castle Age |
| 21:57 | Queue | Archer |
| 21:57 | Queue | Archer |
| 22:07 | Build | Palisade Wall |
| 22:23 | Build | House |
| 22:26 | Build | House |
| 22:50 | Build | Farm |
| 23:09 | Research | Wheelbarrow |
| 23:14 | Queue | Archer |
| 23:15 | Queue | Archer |
| 23:19 | Research | Forging |
| 23:23 | Build | Barracks |
| 23:44 | Build | House |
| 23:52 | Queue | Spearman |
| 23:52 | Queue | Spearman |
Build order — Xxkaname13
First 150 of 573 actions detected
| 0:01 | Queue | Villager (Male) |
| 0:01 | Queue | Villager (Male) |
| 0:03 | Build | House |
| 0:04 | Build | House |
| 0:08 | Queue | Villager (Male) |
| 0:08 | Queue | Villager (Male) |
| 0:12 | Queue | Villager (Male) |
| 0:12 | Queue | Villager (Male) |
| 1:22 | Queue | Villager (Male) |
| 1:41 | Build | Lumber Camp |
| 1:48 | Queue | Villager (Male) |
| 2:28 | Queue | Villager (Male) |
| 2:56 | Queue | Villager (Male) |
| 2:56 | Queue | Villager (Male) |
| 3:03 | Queue | Villager (Male) |
| 3:41 | Build | House |
| 3:47 | Queue | Villager (Male) |
| 4:03 | Build | Mill |
| 4:13 | Queue | Villager (Male) |
| 4:38 | Queue | Villager (Male) |
| 4:39 | Queue | Villager (Male) |
| 4:53 | Queue | Villager (Male) |
| 4:57 | Queue | Villager (Male) |
| 5:00 | Research | Loom |
| 6:25 | Research | Feudal Age |
| 6:26 | Research | Feudal Age |
| 6:49 | Build | Lumber Camp |
| 7:42 | Build | Barracks |
| 7:55 | Build | House |
| 8:00 | Queue | Villager (Male) |
| 8:29 | Age | Feudal Age |
| 8:34 | Build | Stable |
| 8:36 | Research | Double-Bit Axe |
| 8:48 | Queue | Villager (Male) |
| 9:07 | Queue | Villager (Male) |
| 9:28 | Build | House |
| 9:35 | Queue | Villager (Male) |
| 9:40 | Queue | Scout Cavalry |
| 9:40 | Queue | Scout Cavalry |
| 9:47 | Build | Palisade Wall |
| 9:56 | Build | Farm |
| 9:57 | Build | Farm |
| 10:02 | Queue | Villager (Male) |
| 10:17 | Build | Palisade Wall |
| 10:17 | Queue | Villager (Male) |
| 10:29 | Build | Palisade Wall |
| 10:30 | Build | Palisade Wall |
| 10:49 | Queue | Scout Cavalry |
| 11:24 | Queue | Villager (Male) |
| 11:26 | Build | Farm |
| 11:29 | Build | Farm |
| 11:30 | Build | Farm |
| 11:33 | Build | House |
| 11:36 | Build | Palisade Wall |
| 11:42 | Queue | Villager (Male) |
| 11:46 | Build | Farm |
| 11:48 | Build | Farm |
| 11:51 | Build | Farm |
| 12:04 | Queue | Villager (Male) |
| 12:14 | Queue | Villager (Male) |
| 12:15 | Build | House |
| 12:19 | Build | Farm |
| 12:23 | Build | Farm |
| 12:36 | Queue | Scout Cavalry |
| 12:39 | Build | Farm |
| 12:43 | Build | Farm |
| 12:44 | Queue | Villager (Male) |
| 12:48 | Build | Palisade Wall |
| 12:51 | Build | Palisade Wall |
| 13:08 | Queue | Scout Cavalry |
| 13:11 | Queue | Villager (Male) |
| 13:18 | Build | Palisade Wall |
| 13:24 | Build | Farm |
| 13:33 | Research | Horse Collar |
| 13:36 | Queue | Villager (Male) |
| 13:43 | Queue | Scout Cavalry |
| 13:57 | Queue | Villager (Male) |
| 14:13 | Queue | Villager (Male) |
| 14:28 | Queue | Scout Cavalry |
| 14:39 | Build | Farm |
| 14:46 | Queue | Villager (Male) |
| 14:59 | Build | Farm |
| 15:06 | Build | House |
| 15:07 | Build | Palisade Wall |
| 15:11 | Queue | Villager (Male) |
| 15:29 | Queue | Villager (Male) |
| 15:30 | Build | Farm |
| 15:50 | Build | Market |
| 15:52 | Build | Palisade Wall |
| 15:55 | Build | House |
| 15:58 | Queue | Villager (Male) |
| 16:02 | Build | Mining Camp |
| 16:15 | Build | Farm |
| 16:16 | Queue | Villager (Male) |
| 16:43 | Queue | Villager (Male) |
| 17:19 | Research | Castle Age |
| 17:34 | Build | Stable |
| 17:38 | Queue | Villager (Male) |
| 17:42 | Build | Blacksmith |
| 17:44 | Build | House |
| 17:52 | Research | Gold Mining |
| 17:52 | Research | Gold Mining |
| 18:07 | Research | Horse Collar |
| 18:07 | Research | Horse Collar |
| 18:20 | Queue | Villager (Male) |
| 18:37 | Research | Scale Barding Armor |
| 18:37 | Research | Scale Barding Armor |
| 18:48 | Build | House |
| 18:56 | Research | Bloodlines |
| 18:56 | Research | Bloodlines |
| 19:16 | Build | House |
| 19:18 | Build | House |
| 19:19 | Build | House |
| 19:29 | Build | Farm |
| 19:45 | Age | Castle Age |
| 19:47 | Queue | Knight |
| 19:48 | Queue | Knight |
| 19:51 | Queue | Villager (Male) |
| 20:05 | Queue | Knight |
| 20:06 | Queue | Knight |
| 20:07 | Queue | Villager (Male) |
| 20:15 | Build | Town Center |
| 20:28 | Queue | Knight |
| 20:30 | Queue | Villager (Male) |
| 20:33 | Build | Farm |
| 20:43 | Build | Farm |
| 20:52 | Queue | Knight |
| 20:52 | Queue | Knight |
| 20:54 | Queue | Villager (Male) |
| 21:05 | Queue | Villager (Male) |
| 21:08 | Queue | Villager (Male) |
| 21:08 | Queue | Villager (Male) |
| 21:11 | Build | Farm |
| 21:15 | Queue | Villager (Male) |
| 21:16 | Queue | Villager (Male) |
| 21:22 | Build | Farm |
| 21:29 | Queue | Knight |
| 21:30 | Queue | Knight |
| 21:35 | Queue | Villager (Male) |
| 21:37 | Build | Farm |
| 21:39 | Build | Farm |
| 21:51 | Queue | Villager (Male) |
| 21:51 | Queue | Villager (Male) |
| 21:51 | Queue | Villager (Male) |
| 22:02 | Build | Farm |
| 22:05 | Build | Farm |
| 22:10 | Queue | Knight |
| 22:11 | Queue | Knight |
| 22:23 | Build | Farm |
| 22:24 | Queue | Villager (Male) |
Match timeline
| 4:13 | LE | Andreu · first_building Barracks |
| 7:42 | Xxkaname13 · first_building Barracks |
| 8:29 | Xxkaname13 · age_up feudal |
| 8:34 | Xxkaname13 · first_building Stable |
| 9:40 | LE | Andreu · wall_segment Palisade Wall x1 |
| 9:47 | Xxkaname13 · wall_segment Palisade Wall x5 |
| 9:49 | LE | Andreu · wall_segment Palisade Wall x1 |
| 9:51 | LE | Andreu · wall_segment Palisade Wall x9 |
| 10:17 | Xxkaname13 · wall_segment Palisade Wall x13 |
| 10:29 | Xxkaname13 · wall_segment Palisade Wall x1 |
| 10:30 | Xxkaname13 · wall_segment Palisade Wall x1 |
| 11:25 | LE | Andreu · age_up feudal |
| 11:36 | Xxkaname13 · wall_segment Palisade Wall x8 |
| 12:38 | LE | Andreu · first_building Archery Range |
| 12:48 | Xxkaname13 · wall_segment Palisade Wall x1 |
| 12:51 | Xxkaname13 · wall_segment Palisade Wall x3 |
| 13:01 | LE | Andreu · wall_segment Palisade Wall x1 |
| 13:02 | LE | Andreu · wall_segment Palisade Wall x1 |
| 13:18 | Xxkaname13 · wall_segment Palisade Wall x10 |
| 13:52 | LE | Andreu · wall_segment Palisade Wall x1 |
| 14:36 | LE | Andreu · wall_segment Palisade Wall x1 |
| 15:07 | Xxkaname13 · wall_segment Palisade Wall x1 |
| 15:52 | Xxkaname13 · wall_segment Palisade Wall x5 |
| 15:53 | LE | Andreu · wall_segment Palisade Wall x2 |
| 15:55 | LE | Andreu · wall_segment Palisade Wall x1 |
| 16:30 | LE | Andreu · wall_segment Palisade Wall x3 |
| 17:18 | Xxkaname13 · first_market_sell 100 wood |
| 19:20 | LE | Andreu · wall_segment Palisade Wall x1 |
| 19:27 | LE | Andreu · wall_segment Palisade Wall x1 |
| 19:45 | Xxkaname13 · age_up castle |
| 21:48 | LE | Andreu · first_market_sell 100 wood |
| 21:49 | LE | Andreu · first_market_buy 100 food |
| 22:07 | LE | Andreu · wall_segment Palisade Wall x1 |
| 24:15 | Xxkaname13 · first_building Monastery |
| 24:30 | Xxkaname13 · wall_segment Palisade Wall x1 |
| 24:50 | LE | Andreu · age_up castle |
| 24:51 | Xxkaname13 · first_market_buy 100 food |
| 26:27 | Xxkaname13 · first_building Archery Range |
| 27:37 | LE | Andreu · first_building Monastery |
| 31:20 | LE | Andreu · first_building Siege Workshop |
| 34:13 | Xxkaname13 · first_building Castle |
| 34:46 | LE | Andreu · first_building Castle |
| 36:31 | LE | Andreu · wall_segment Stone Wall x10 |
| 37:14 | LE | Andreu · wall_segment Stone Wall x19 |
| 39:09 | LE | Andreu · age_up imperial |
| 39:20 | Xxkaname13 · age_up imperial |
| 43:39 | LE | Andreu · resign |
[ AI ANALYSIS · 1 CREDIT ]
What really happened in this match?
Wolo.gg analyzes every decision: build order, eco, micro, common mistakes by bracket. Personalized analysis on WhatsApp or Discord in 30 seconds.
Civ guide
Japanese
Perfil
Jugador #3097073